 Dungeon Crawl Stone Soup version 0.20.1-1-g8b1a95d (webtiles) character file.

98 mikkokoo the Shield-Bearer (level 5, -4/41 HPs)
             Began as a Human Fighter on Oct 18, 2017.
             Was an Initiate of Ru.
             Killed by divine providence
             ... invoked by an orc priest
              (14 damage)
             ... on level 4 of the Dungeon.
             The game lasted 00:15:16 (1375 turns).

mikkokoo the Shield-Bearer (Human Fighter)          Turns: 1375, Time: 00:15:16

Health: -4/41      AC:  8    Str: 18    XL:     5   Next: 0%
Magic:  5/5        EV: 10    Int:  8    God:    Ru [......]
Gold:   39         SH:  7    Dex: 12    Spells: 4/4 levels left

rFire    . . .     SeeInvis .   a - +0 flail
rCold    . . .     Gourm    .   k - +2 buckler
rNeg     . . .     Faith    .   b - +0 scale mail
rPois    .         Spirit   .   (no helmet)
rElec    .         Reflect  .   (no cloak)
rCorr    .         Harm     .   m - +0 pair of gloves
MR       .....                  (no boots)
Stlth    ..........             e - amulet of magic regeneration
Regen    0.2/turn               (no ring)
MPRegen  0.2/turn               (no ring)

@: no status effects
A: no striking features
a: Renounce Religion


You were on level 4 of the Dungeon.
You worshipped Ru.
Ru was noncommittal.
You were full.

You visited 2 branches of the dungeon, and saw 5 of its levels.

You collected 39 gold pieces.

Inventory:

Hand Weapons
 a - a +0 flail (weapon)
Armour
 b - a +0 scale mail (worn)
 c - a +0 shield
 k - a +2 buckler (worn)
 m - a +0 pair of gloves (worn)
Jewellery
 e - an amulet of magic regeneration (around neck)
Wands
 o - a wand of flame (27/48)
Scrolls
 f - a scroll of magic mapping {unknown}
 g - a scroll of fog
 j - 2 scrolls of identify {unknown}
Potions
 d - a potion of might
 h - a potion of curing {unknown}
 n - a potion of heal wounds {unknown}
Comestibles
 i - 2 fruits
 l - 2 meat rations


   Skills:
 + Level 3.3 Fighting
 + Level 3.0 Maces & Flails
 + Level 3.4 Armour
 + Level 1.0 Dodging
 + Level 3.9 Shields


You had 4 spell levels left.
You didn't know any spells.

Dungeon Overview and Level Annotations

Branches:
Dungeon (4/15)             Temple (1/1) D:4

Altars:
Cheibriados
Fedhas
Gozag
Hepliaklqana
Kikubaaqudgha
Makhleb
Nemelex Xobeh
Okawaru
Qazlal
Ru
Trog
Vehumet
Yredelemnul
Zin


Message History

You hit the orc but do no damage.
The orc is moderately wounded.
The orc priest invokes the aid of Beogh against you.
Beogh smites you!
The orc priest calls upon Beogh to heal the orc.
The orc's wounds heal themselves!
You block the orc's attack.
You hit the orc.
The orc is heavily wounded.
The orc priest hits you but does no damage.
The orc priest invokes the aid of Beogh against you.
Beogh smites you!
* * * LOW HITPOINT WARNING * * *
You block the orc's attack. The orc priest barely misses you.
As you read the scroll labeled ENNU SI ZYSOG, it crumbles to dust.
The scroll dissolves into smoke.
It was a scroll of fog.
The orc hits you.
* * * LOW HITPOINT WARNING * * *
You block the orc's attack. The orc priest barely misses you.
The orc priest invokes the aid of Beogh against you.
Beogh smites you!
You die...

####.#####
#.....#
###.....#
#.......#
#.......#
#.......#
#.....###
##########.....#
#.@......'.....#
.
#o########.....#
... #§# #######
.P.P.####o#
.._..o§o§§#
.P.P.o#####
..... ##.. ##


You could see an orc priest and an orc.

Vanquished Creatures
  An iguana (D:4)
  An adder (D:2)
  An ooze (D:2)
  3 worms (D:2)
  3 dart slugs
  2 orcs (D:4)
  4 giant cockroaches
  A goblin (D:1)
  2 hobgoblins
  5 kobolds
  A quokka (D:4)
  11 bats
  3 frilled lizards
  A jackal skeleton (D:4)
  8 rats
47 creatures vanquished.

Notes
Turn   | Place    | Note
-------+----------+-------------------------------------------
     0 | D:1      | mikkokoo the Human Fighter began the quest for the Orb.
     0 | D:1      | Reached XP level 1. HP: 18/18 MP: 1/1
   176 | D:1      | Reached XP level 2. HP: 21/24 MP: 2/2
   363 | D:1      | Reached XP level 3. HP: 24/29 MP: 3/3
   754 | D:2      | Reached XP level 4. HP: 28/35 MP: 4/4
   935 | D:4      | Found a sacrificial altar of Ru.
  1011 | D:4      | Became a worshipper of Ru the Awakened
  1048 | D:4      | Found a staircase to the Ecumenical Temple.
  1201 | Temple   | Entered the Ecumenical Temple
  1284 | D:4      | Reached skill level 1 in Dodging
  1355 | D:4      | Found a basalt altar of Yredelemnul.
  1363 | D:4      | Reached XP level 5. HP: 41/41 MP: 5/5
  1375 | D:4      | Killed from afar by an orc priest

Skill      XL: |  1  2  3  4 |
---------------+-------------+-----
Maces & Flails | 3 |  3.0
Dodging        | 1 |  1.0
Fighting       | |  3.3
Armour         | |  3.4
Shields        | |  3.9

Action                   |  1- 3 |  4- 6 || total
-------------------------+-------+-------++-------
Melee: Flail             |   121 |    42 ||   163
  Use: Scroll            |       |     1 ||     1
  Eat: Bread ration      |     1 |       ||     1
       Fruit             |     1 |     1 ||     2
Armor: Scale mail        |   120 |    24 ||   144
Dodge: Dodged            |    37 |     9 ||    46
Block: Shield            |   113 |    16 ||   129
       Buckler           |       |     8 ||     8
